AoeStats
← christar123 ten

Arena

509702756Analyzed
4v4 RM · 5d ago on Sep 27, 2026· 72m 54s· 8 players
Game mode
Random Map
Map size
Large (8 player)
Population
200
Speed
Normal
Resources
Standard
Victory
Conquest
Starting age
Dark Age
Ending age
Imperial Age
RankedLock teamsTeams togetherTeam positionsShared explorationLock speedFull tech treeHidden civsTurbo modeCheats
Victory
Defeat
🇬🇧 Hindustanis · United Kingdom
1436
+14
🇲🇽 Italians · Mexico
1401
+16
🇪🇸 Koreans · Spain
1359
+18
🇺🇸 Japanese · United States
1353
+18
🇺🇸 Slavs · United States
1489
-20
🇮🇩 Cumans · Indonesia
1447
-19
🇨🇳 Italians · China
1395
-16
🇨🇱 Persians · Chile
1257
-11
AML4554
10:19 Feudal Age
11:36 Double-Bit Axe
14:31 Castle Age
12:15 Horse Collar
15:53 Bow Saw
21:04 Wheelbarrow
21:02 Heavy Plow
22:32 Hand Cart
24:50 Loom
25:06 Gold Mining
25:30 Scale Mail Armor
25:41 Forging
28:52 Imperial Age
28:25 Coinage
27:42 Pikeman
28:23 Squires
27:48 Man-at-Arms
29:05 Detinets
28:30 Long Swordsman
29:51 Chain Mail Armor
30:12 Iron Casting
29:06 Capped Ram
29:44 Two-Handed Swordsman
31:05 Plate Mail Armor
31:43 Two-Man Saw
30:21 Siege Ram
31:07 Champion
32:22 Conscription
32:29 Onager
34:07 Siege Engineers
35:03 Chemistry
34:15 Masonry
36:55 Siege Onager
41:06 Ballistics
40:11 Halberdier
41:44 Padded Archer Armor
41:26 Elite Skirmisher
42:16 Halberdier
43:16 Leather Archer Armor
42:53 Fletching
44:04 Blast Furnace
44:27 Ring Archer Armor
43:57 Bodkin Arrow
44:59 Hoardings
44:28 Druzhina
47:46 Caravan
48:17 Banking
49:07 Murder Holes
67:47 Fortified Wall
用爱感化队友
10:27 Feudal Age
14:24 Castle Age
12:24 Double-Bit Axe
12:49 Horse Collar
15:20 Bow Saw
21:16 Fletching
22:45 Ballistics
22:25 Bodkin Arrow
23:16 Padded Archer Armor
24:05 Wheelbarrow
23:17 Loom
23:56 Town Watch
27:49 Leather Archer Armor
28:30 Hand Cart
29:36 Stone Mining
32:25 Imperial Age
31:18 Heavy Plow
31:41 Fortified Wall
31:42 Masonry
32:46 Stone Shaft Mining
32:01 Gold Mining
33:29 Conscription
33:34 Bracer
34:04 Ring Archer Armor
35:48 Two-Man Saw
35:42 Ring Archer Armor
36:31 Chemistry
36:02 Elite Genoese Crossbowman
37:50 Capped Ram
42:02 Hoardings
42:00 Crossbowman
42:45 Thumb Ring
42:01 Elite Skirmisher
42:06 Onager
42:48 Guard Tower
42:39 Treadmill Crane
42:31 Arbalester
46:14 Silk Road
47:32 Guilds
47:52 Coinage
52:04 Banking
51:34 Caravan
66:02 Crop Rotation
LaWeá
11:12 Feudal Age
15:19 Castle Age
14:12 Double-Bit Axe
14:08 Horse Collar
17:08 Forging
19:26 Husbandry
19:41 Bloodlines
20:18 Scale Barding Armor
24:51 Iron Casting
26:47 Chain Barding Armor
26:31 Husbandry
30:47 Wheelbarrow
34:30 Imperial Age
34:41 Hand Cart
34:12 Loom
34:19 Gold Mining
34:19 Cavalier
36:38 Plate Barding Armor
37:03 Blast Furnace
36:40 Savar
37:37 Pikeman
38:19 Squires
38:04 Arson
38:22 Scale Mail Armor
38:31 Halberdier
41:08 Chemistry
41:02 Chain Mail Armor
42:20 Plate Mail Armor
42:07 Gambesons
43:59 Heavy Plow
49:07 Ballistics
61:42 Crop Rotation
62:10 Bow Saw
64:12 Two-Man Saw
66:55 Caravan
72:18 Thumb Ring
Embege
6:47 Loom
9:04 Feudal Age
9:59 Double-Bit Axe
10:39 Fletching
24:19 Horse Collar
25:31 Wheelbarrow
24:50 Stone Mining
24:50 Gold Mining
29:14 Castle Age
29:09 Padded Archer Armor
30:28 Hand Cart
30:29 Leather Archer Armor
30:09 Bodkin Arrow
33:47 Imperial Age
32:08 Ballistics
32:24 Bow Saw
36:36 Parthian Tactics
37:51 Thumb Ring
43:06 Ring Archer Armor
43:42 Chemistry
43:08 Bloodlines
47:00 Elite Kipchak
51:08 Scale Barding Armor
51:13 Forging
52:38 Light Cavalry
53:58 Hussar
56:12 Chain Barding Armor
56:28 Iron Casting
56:59 Two-Man Saw
55:55 Heavy Cavalry Archer
IDWARE21
10:57 Feudal Age
14:46 Castle Age
12:52 Double-Bit Axe
12:55 Horse Collar
16:43 Bow Saw
18:38 Loom
19:28 Wheelbarrow
20:18 Scale Mail Armor
21:37 Gold Mining
23:42 Loom
25:27 Chain Mail Armor
26:58 Forging
33:01 Squires
32:47 Gambesons
33:31 Elite Skirmisher
34:18 Thumb Ring
34:05 Fletching
34:15 Padded Archer Armor
36:25 Iron Casting
35:46 Bodkin Arrow
40:26 Imperial Age
38:14 Hand Cart
40:32 Gold Shaft Mining
39:48 Stone Mining
39:51 Town Watch
40:53 Elite Samurai
41:54 Conscription
43:35 Bracer
43:51 Leather Archer Armor
45:38 Chemistry
45:43 Blast Furnace
45:14 Plate Mail Armor
45:25 Guard Tower
45:56 Ballistics
47:38 Kataparuto
47:53 Hoardings
47:52 Ring Archer Armor
47:53 Guard Tower
48:56 Arrowslits
50:58 Parthian Tactics
52:45 Murder Holes
53:26 Keep
54:17 Two-Man Saw
68:45 Pikeman
69:36 Arson
69:54 Halberdier
72:36 Caravan
christar123 ten
10:16 Feudal Age
14:02 Castle Age
12:18 Double-Bit Axe
12:57 Horse Collar
16:28 Bow Saw
17:01 Loom
18:03 Heavy Plow
21:03 Wheelbarrow
20:20 Gold Mining
21:42 Scale Mail Armor
21:55 Pikeman
24:06 Chain Mail Armor
24:16 Stone Mining
30:42 Imperial Age
28:52 Scale Barding Armor
28:58 Forging
29:20 Hand Cart
29:53 Gold Shaft Mining
29:30 Bloodlines
29:20 Husbandry
30:21 Chain Barding Armor
30:51 Heavy Camel Rider
32:07 Plate Barding Armor
33:41 Iron Casting
33:03 Imperial Camel Rider
35:33 Two-Man Saw
37:02 Caravan
39:56 Grand Trunk Road
40:33 Fletching
40:43 Padded Archer Armor
43:14 Blast Furnace
44:54 Coinage
44:20 Bodkin Arrow
44:47 Ballistics
45:27 Chemistry
44:38 Masonry
46:18 Banking
45:46 Town Watch
45:33 Light Cavalry
50:26 Conscription
56:17 Murder Holes
60:54 Hussar
70:15 Stone Shaft Mining
69:55 Siege Engineers
wilkerbrice12
6:18 Loom
8:37 Feudal Age
11:19 Fletching
14:14 Double-Bit Axe
15:40 Horse Collar
21:58 Castle Age
27:02 Bodkin Arrow
29:00 Gold Mining
33:47 Bow Saw
34:45 Wheelbarrow
33:57 Town Watch
35:26 Scale Mail Armor
35:31 Treadmill Crane
36:51 Ballistics
36:53 Squires
38:00 Forging
40:09 Chain Mail Armor
40:29 Iron Casting
40:59 Masonry
40:45 Murder Holes
41:07 Eupseong
41:25 Heavy Plow
45:05 Imperial Age
43:35 Thumb Ring
42:51 Crossbowman
44:19 Gold Shaft Mining
43:34 Stone Mining
44:03 Hand Cart
43:55 Arson
46:52 Chemistry
45:16 Elite Fire Lancer
45:18 Arbalester
46:16 Bracer
48:06 Architecture
47:42 Siege Engineers
48:08 Elite Skirmisher
55:09 Conscription
57:44 Capped Ram
57:53 Elite War Wagon
60:02 Pikeman
60:54 Halberdier
65:23 Guilds
65:14 Caravan
65:44 Coinage
66:40 Plate Mail Armor
66:17 Scale Barding Armor
72:39 Two-Man Saw
OzoneMX2022
7:24 Loom
11:27 Feudal Age
12:09 Double-Bit Axe
15:13 Castle Age
13:49 Stone Mining
16:12 Bow Saw
16:31 Horse Collar
21:02 Wheelbarrow
23:27 Gold Mining
24:04 Hand Cart
24:23 Heavy Plow
26:45 Fletching
27:17 Padded Archer Armor
31:11 Imperial Age
29:10 Leather Archer Armor
28:52 Bodkin Arrow
30:23 Leather Archer Armor
30:30 Ballistics
30:32 Thumb Ring
31:28 Stone Shaft Mining
31:12 Elite Genoese Crossbowman
31:53 Bracer
32:54 Chemistry
32:29 Coinage
32:06 Murder Holes
33:14 Ring Archer Armor
42:55 Squires
43:54 Scale Mail Armor
46:07 Arson
46:37 Chain Mail Armor
47:15 Silk Road
49:01 Plate Mail Armor
49:44 Forging
49:09 Elite Skirmisher
51:31 Iron Casting
59:36 Capped Ram
60:12 Man-at-Arms
65:10 Caravan
67:12 Blast Furnace
Connection lost

Rejoining the realm…

Still unreachable

The connection could not be restored.

Session expired

The server has moved on; the page needs a fresh start.